 Dungeon Crawl Stone Soup version 0.30-a0-946-gec5dcfc036 (webtiles) character file.

Game seed: 4488426900034664795

828 HoaS the Skirmisher (level 8, 0/56 HPs)
             Began as a Formicid Hunter on Mar 26, 2023.
             Was an Initiate of Gozag.
             Slain by a howler monkey (2 damage)
             ... on level 5 of the Dungeon.
             The game lasted 00:08:10 (3565 turns).

HoaS the Skirmisher (Formicid Hunter)               Turns: 3565, Time: 00:08:10

Health: 0/56       AC:  4    Str: 17    XL:     8   Next: 17%
Magic:  8/8        EV: 17    Int:  8    God:    Gozag
Gold:   468        SH:  5    Dex: 19    Spells: 7/7 levels left

rFire   + . .      SeeInvis +    a - +0 shortbow
rCold   . . .      Faith    .    (no shield)
rNeg    . . .      Spirit   .    c - +1 leather armour
rPois   .          Reflect  +    (helmet unavailable)
rElec   .          Rampage  .    (no cloak)
rCorr   .                        (no gloves)
Will    .....                    (no boots)
Stlth   ++                       o - amulet of reflection
HPRegen 0.29/turn                d - +5 ring of evasion
MPRegen 0.11/turn                p - ring of protection from fire

@: gold aura
A: permanent stasis, dig shafts and tunnels, antennae 3, four strong arms
a: Dig, Shaft Self, Renounce Religion, Potion Petition, Call Merchant, Bribe
Branch


You were on level 5 of the Dungeon.
You worshipped Gozag.
Gozag was aware of your devotion.
You visited 1 branch of the dungeon, and saw 5 of its levels.

You collected 501 gold pieces.
You paid 33 gold pieces to Gozag.

Inventory:

Hand Weapons
 a - a +0 shortbow (weapon)
Armour
 c - a +1 leather armour (worn)
Jewellery
 d - a +5 ring of evasion (left hand)
 o - an amulet of reflection (around neck)
 p - a ring of protection from fire (right hand)
Wands
 h - a wand of flame (13)
Scrolls
 b - 2 scrolls of immolation
 m - a scroll of fear
Potions
 e - 2 potions of flight
 g - a potion of lignification {unknown}
 i - 2 potions of heal wounds
 j - a potion of curing {unknown}
 k - a potion of degeneration {unknown}
 l - a potion of cancellation {unknown}
 n - 2 potions of mutation


   Skills:
 - Level 2.1 Fighting
 + Level 9.6 Ranged Weapons
 - Level 1.7 Dodging
 - Level 1.2 Stealth


You had 7 spell levels left.
You didn't know any spells.
Your spell library contained the following spells:

 Spells                   Type           Power      Damage    Failure   Level
 Call Canine Familiar     Summ           0%         N/A       85%         3
 Portal Projectile        Hex/Tloc       0%         N/A       85%         3
 Leda's Liquefaction      Hex/Erth       0%         N/A       99%         4
 Summon Lightning Spire   Summ/Air       0%         N/A       99%         4
 Storm Form               Tmut/Air       0%         N/A       100%        7
 Maxwell's Capacitive Co  Air            0%         ∞         100%        8


Dungeon Overview and Level Annotations

Branches:
Dungeon (5/15)             Temple (0/1) D:5

Altars:
Dithmenos
Gozag
Makhleb
Nemelex Xobeh
Sif Muna
Trog
Vehumet

Portals:
Abyss: D:5

Annotations:
D:5 2 transporters, exclusion: sensed monster (detected), Twiddyhohoho's ghost, novice FoHu


Innate Abilities, Weirdness & Mutations

You cannot be hasted, slowed, berserked, paralysed or teleported.
You can dig through walls and to a lower floor.
You have a pair of large antennae on your head. (SInv)
Your four strong arms can wield two-handed weapons with a shield.


Message History

The orc wizard is moderately wounded.
The quokka bites you but does no damage.
The howler monkey hits you!
A sleepcap comes into view.
The orc wizard hits you with a +0 dagger.
The quokka closely misses you. You block the howler monkey's attack.
You shoot an arrow. The arrow barely misses the orc wizard.
You block the quokka's attack.
The howler monkey hoots and howls with incredible vigour!
You hear an angry hiss.
You shoot an arrow. The arrow hits the orc.
The orc is moderately wounded.
The quokka completely misses you.
The orc wizard points at you and mumbles some strange words.
The magic dart hits you! The orc barely misses you.
The howler monkey completely misses you.
You shoot an arrow. The arrow hits the orc wizard!
You kill the orc wizard!
The quokka misses you. You block the howler monkey's attack.
The orc closely misses you. You block the quokka's attack.
You shoot an arrow.
The arrow closely misses the howler monkey.
The howler monkey hits you but does no damage.
You block the sleepcap's attack. The orc completely misses you.
The quokka bites you. You block the howler monkey's attack.
You shoot an arrow.
The arrow closely misses the howler monkey.
The orc misses you. The sleepcap closely misses you.
You block the quokka's attack. The howler monkey misses you.
You shoot an arrow.
The arrow closely misses the howler monkey.
The sleepcap releases spores at you!
* * * LOW HITPOINT WARNING * * *
You are engulfed in a cloud of soporific spores!
You fall asleep.
The orc hits you with a +0 club!
You wake up.
* * * LOW HITPOINT WARNING * * *
You block the quokka's attack. The howler monkey hits you.
You die...
Your body crumbles into a pile of gold.

#.. ###......... ...
##.#........ .. . o.$.
...... ...#...## ...o$..
#.#.. ... ....
$.......##.#.# #.##...
............####.##<#
...................#
#.##>.###.#.##......####
......r@h.#+##......#...
####..o$f...........#...
#................#...
#................#...
#....................
#.#########.....).... #.
#.......### #. #.......#
# ####.......###


You could see a sleepcap, a howler monkey, an orc and a quokka.

Vanquished Creatures
  2 ogres (D:4)
  Blork the orc (D:5)
  A scorpion (D:4)
  Dowan (D:5)
  A jelly (D:5)
  A hound (D:4)
  2 orc priests
  3 iguanas
  2 orc wizards
  A sleepcap (D:4)
  3 gnolls (D:4)
  7 adders
  A white imp (D:5)
  2 ufetubi
  A worm (D:3)
  3 dart slugs
  13 orcs
  7 endoplasms
  4 giant cockroaches
  6 goblins
  8 hobgoblins
  2 jackals (D:4)
  5 kobolds
  3 quokkas
  4 ball pythons (D:1)
  7 bats
  2 frilled lizards
  4 rats
  A bush (D:1)
98 creatures vanquished.

Vanquished Creatures (others)
  2 plants (D:1)
2 creatures vanquished.

Grand Total: 100 creatures vanquished

Notes
Turn   | Place    | Note
-------+----------+-------------------------------------------
     0 | D:1      | HoaS the Formicid Hunter began the quest for the Orb.
     0 | D:1      | Reached XP level 1. HP: 16/16 MP: 1/1
    58 | D:1      | Reached XP level 2. HP: 17/22 MP: 2/2
   145 | D:1      | Identified a scroll of acquirement
   145 | D:1      | Acquired a +5 ring of evasion
   296 | D:1      | Found a faded altar of an unknown god.
   315 | D:1      | Reached XP level 3. HP: 27/27 MP: 3/3
   733 | D:2      | Reached skill level 5 in Ranged Weapons
  1084 | D:2      | Reached XP level 4. HP: 33/33 MP: 4/4
  1526 | D:3      | Found a sparkling altar of Nemelex Xobeh.
  1579 | D:3      | Found an opulent altar of Gozag.
  1719 | D:3      | Reached skill level 6 in Ranged Weapons
  1719 | D:3      | Reached XP level 5. HP: 37/38 MP: 5/5
  1817 | D:3      | Became a worshipper of Gozag Ym Sagoz the Greedy
  1971 | D:4      | Noticed an ogre
  2056 | D:4      | Found a bloodstained altar of Trog.
  2164 | D:4      | Noticed an ogre
  2195 | D:4      | Reached XP level 6. HP: 44/44 MP: 6/6
  2206 | D:4      | Reached skill level 7 in Ranged Weapons
  2237 | D:4      | Found a shadowy altar of Dithmenos.
  2506 | D:4      | Found a radiant altar of Vehumet.
  2759 | D:4      | Killed an ogre
  2760 | D:4      | Reached skill level 8 in Ranged Weapons
  2760 | D:4      | Reached XP level 7. HP: 50/50 MP: 7/7
  2873 | D:4      | Found a burning altar of Makhleb.
  3104 | D:5      | Entered Level 5 of the Dungeon
  3134 | D:5      | Found a transporter.
  3137 | D:5      | Noticed a small abomination
  3156 | D:5      | Noticed Blork the orc
  3175 | D:5      | Killed Blork the orc
  3176 | D:5      | Reached skill level 9 in Ranged Weapons
  3393 | D:5      | Noticed Dowan
  3410 | D:5      | Reached XP level 8. HP: 56/56 MP: 8/8
  3412 | D:5      | Killed Dowan
  3433 | D:5      | Found a shimmering blue altar of Sif Muna.
  3499 | D:5      | Noticed a small abomination
  3500 | D:5      | Found a transporter.
  3500 | D:5      | Found a one-way gate to the infinite horrors of the Abyss.
  3500 | D:5      | Noticed Twiddyhohoho's ghost (novice FoHu)
  3519 | D:5      | Found a staircase to the Ecumenical Temple.
  3565 | D:5      | HP: 2/56 [orc/+0 club (10)]
  3565 | D:5      | Slain by a howler monkey

Illustrated notes

Levels and vault maps discovered:
D:1:      minmay_arrival_loop, layout_rooms,
          shapermc_ecumenical_altar_starsandcircs, serial_forest,
          infiniplex_forest_straight_4, infiniplex_forest_clump_double,
          infiniplex_forest_lined_room_2, infiniplex_forest_end_2
D:2:      layout_loops_ring
D:3:      layout_basic, mainiacjoe_overflow_small_starburst,
          overflow_temple_1_default, nicolae_kite_square_tiling_tiny,
          minmay_misc_feat_rows
D:4:      layout_loops_cross, mainiacjoe_overflow_tiny_flanked,
          mainiacjoe_overflow_cross_hatched, mainiacjoe_overflow_alcove_4,
          mainiacjoe_overflow_24_doors
D:5:      layout_basic, nicolae_sif_muna_condensation, temple_statues,
          gammafunk_ghost_abyssal_escape, uniq_grinder, uniq_blork_the_orc,
          uniq_duvessa

Skill      XL: |  1  2  3  4  5  6  7 |
---------------+----------------------+-----
Ranged Weapons | 5 6 8 9 |  9.6
Fighting       | |  2.1
Dodging        | |  1.7
Stealth        | |  1.2

Action                     |  1- 3 |  4- 6 |  7- 9 || total
---------------------------+-------+-------+-------++-------
   Fire: Shortbow          |   198 |   134 |    78 ||   410
    Use: Scroll            |     6 |       |     3 ||     9
 Armour: Leather armour    |     9 |    11 |     6 ||    26
  Dodge: Dodged            |    30 |    49 |    35 ||   114
  Block: Other             |       |    12 |    18 ||    30
         Reflection        |       |       |     1 ||     1

Table legend: (Time is in decaauts)
 A = Elapsed time spent in this place.
 B = Non-inter-level travel time spent in this place.
 C = Inter-level travel time spent in this place.
 D = Time resting spent in this place.
 E = Time spent auto-exploring this place.
 F = Levels seen in this place.
 G = Mean time per level.
                   A        B        C        D        E       F      G
               +--------+--------+--------+--------+--------+-----+--------+
         Total |   3658 |   3491 |    167 |    327 |   2300 |   5 |  731.6 |
       Dungeon |   3658 |   3491 |    167 |    327 |   2300 |   5 |  731.6 |
               +--------+--------+--------+--------+--------+-----+--------+

Top non-repeatable levels by time:
     D:4: 1110 daAuts
     D:3: 768 daAuts
     D:1: 757 daAuts
     D:2: 557 daAuts
     D:5: 464 daAuts
